 Dungeon Crawl Stone Soup version 0.21.1-1-g345015fe64 (webtiles) character file.

492 ILYA101 the Insei (level 7, -8/52 HPs)
             Began as a Gnoll Transmuter on July 19, 2018.
             Mangled by Thargor's ghost (11 damage)
             ... on level 4 of the Dungeon.
             The game lasted 00:09:24 (3227 turns).

ILYA101 the Insei (Gnoll Transmuter)                Turns: 3227, Time: 00:09:24

Health: -8/52      AC:  5    Str: 14    XL:     7   Next: 14%
Magic:  15/15      EV: 13    Int: 16    God:
Gold:   137        SH:  0    Dex: 15    Spells: 16/17 levels left

rFire    . . .     SeeInvis .   g - +6 dagger
rCold    . . .     Gourm    .   (no shield)
rNeg     . . .     Faith    .   y - +0 ring mail
rPois    .         Spirit   .   (no helmet)
rElec    .         Reflect  .   (no cloak)
rCorr    .         Harm     .   (no gloves)
MR       .....                  (no boots)
Stlth    +.........             (no amulet)
HPRegen  0.17/turn              (no ring)
MPRegen  0.14/turn              (no ring)

@: appendage (expiring)
A: distributed training, fangs 1, horns 2, strong nose
a: End Transformation


You were on level 4 of the Dungeon.
You were hungry.
You had grown temporary horns.
You visited 1 branch of the dungeon, and saw 4 of its levels.

You collected 137 gold pieces.

Inventory:

Hand Weapons
 g - a +6 dagger (weapon)
Missiles
 a - 28 arrows
Armour
 y - a +0 ring mail (worn)
Jewellery
 h - a +2 ring of protection {unknown}
 q - a +2 ring of strength {unknown}
Wands
 s - a wand of flame (19)
Scrolls
 e - 4 scrolls of identify {unknown}
 i - 2 scrolls of blinking {unknown}
 j - 2 scrolls of teleportation {unknown}
 k - a scroll of fear {unknown}
 l - a scroll of immolation {unknown}
 n - 3 scrolls of fog {unknown}
 o - 4 scrolls of remove curse {unknown}
 p - a scroll of amnesia {unknown}
 t - a scroll of enchant armour {unknown}
 u - a scroll of magic mapping {unknown}
 x - a scroll of random uselessness {unknown}
Potions
 b - a potion of cancellation {unknown}
 f - a potion of haste {unknown}
 m - a potion of ambrosia {unknown}
 r - a potion of lignification {unknown}
 v - a potion of degeneration {unknown}
 w - a potion of heal wounds {unknown}
Books
 c - a book of Changes

   Spells                             Type                      Level
   a - Beastly Appendage              Transmutation                1
   b - Sticks to Snakes               Transmutation                2
   c - Spider Form                    Transmutation/Poison         3
   d - Ice Form                       Ice/Transmutation            4
   e - Blade Hands                    Transmutation                5
Comestibles
 d - 5 rations
 z - 6 chunks of flesh


   Skills:
 + Level 3.4 Fighting
 + Level 2.2 Short Blades
 + Level 2.2 Long Blades
 + Level 2.2 Axes
 + Level 2.2 Maces & Flails
 + Level 2.2 Polearms
 + Level 2.2 Staves
 + Level 2.2 Slings
 + Level 2.2 Bows
 + Level 2.2 Crossbows
 + Level 2.2 Throwing
 + Level 2.2 Armour
 + Level 5.1 Dodging
 + Level 2.2 Stealth
 + Level 2.2 Shields
 + Level 6.9 Unarmed Combat
 + Level 5.5 Spellcasting
 + Level 1.8 Conjurations
 + Level 1.8 Hexes
 + Level 1.8 Charms
 + Level 1.8 Summonings
 + Level 1.8 Necromancy
 + Level 1.8 Translocations
 + Level 4.2 Transmutations
 + Level 1.8 Fire Magic
 + Level 1.8 Ice Magic
 + Level 1.8 Air Magic
 + Level 1.8 Earth Magic
 + Level 1.8 Poison Magic
 + Level 2.5 Invocations
 + Level 2.2 Evocations


You had 16 spell levels left.
You knew the following spells:

 Your Spells              Type           Power        Failure   Level  Hunger
a - Beastly Appendage     Tmut           ###...       4%          1    None


Dungeon Overview and Level Annotations

Branches:
Dungeon (4/15)
 Temple: D:4-7

Altars:
Fedhas
The Shining One

Annotations:
D:4 Thargor's ghost, novice FoFi


Innate Abilities, Weirdness & Mutations

Your experience applies equally to all skills.
You have very sharp teeth.
Your uncanny sense of smell can sniff out nearby items.
You have a pair of horns on your head.


Message History

Thargor's ghost is severely damaged.
Thargor's ghost hits you.
* * * LOW HITPOINT WARNING * * *
You hit Thargor's ghost but do no damage.
You headbutt Thargor's ghost.
Thargor's ghost is severely damaged.
Thargor's ghost closely misses you.
You puncture Thargor's ghost! Your headbutt misses Thargor's ghost.
Thargor's ghost is almost destroyed.
Thargor's ghost barely misses you.
You barely miss Thargor's ghost. You bite Thargor's ghost.
Thargor's ghost is almost destroyed.
Your transformation is almost over.
Thargor's ghost hits you.
* * * LOW HITPOINT WARNING * * *
You hit Thargor's ghost but do no damage.
You bite Thargor's ghost, but do no damage.
Thargor's ghost is almost destroyed.
Thargor's ghost hits you!
You die...

........##........#..
.........+..####...'..
..........##.[##..#
.......)..#....#..#
..........#....#?.##
#....#####..##...... ..
#...##.###'##O...... .....
∆+...#...).#####$.... .....
#...##@###÷...##.##+
.....####+#....#W#.#.....#...
................O..#.....#....
...................#.....#....
...................##...##..
.........)..........#####.#.
.......).................##
......<....#######........
...........# ......


You could see 2 ogres and Thargor's ghost.

Vanquished Creatures
  An ogre (D:4)
  2 hounds (D:4)
  An orc wizard (D:4)
  Natasha (thrice) (D:2)
  3 worker ants (D:4)
  A hound skeleton (D:3)
  5 adders
  2 oozes (D:3)
  4 worms
  4 dart slugs (D:2)
  A leopard gecko (D:1)
  10 orcs
  3 ball pythons
  14 bats
  5 giant cockroaches
  8 goblins
  9 hobgoblins
  3 jackals (D:3)
  A quokka (D:3)
  5 frilled lizards
  4 kobolds
  6 rats
95 creatures vanquished.

Notes
Turn   | Place    | Note
-------+----------+-------------------------------------------
     0 | D:1      | ILYA101 the Gnoll Transmuter began the quest for the Orb.
     0 | D:1      | Reached XP level 1. HP: 17/17 MP: 6/6
    46 | D:1      | Reached XP level 2. HP: 17/23 MP: 7/7
   436 | D:1      | Reached XP level 3. HP: 28/28 MP: 9/9
   552 | D:1      | Reached skill level 5 in Spellcasting
   894 | D:2      | Found a faded altar of an unknown god.
   913 | D:2      | Reached skill level 1 in Invocations
  1084 | D:2      | Reached skill level 1 in Short Blades
  1084 | D:2      | Reached skill level 1 in Long Blades
  1084 | D:2      | Reached skill level 1 in Axes
  1084 | D:2      | Reached skill level 1 in Maces & Flails
  1084 | D:2      | Reached skill level 1 in Polearms
  1084 | D:2      | Reached skill level 1 in Staves
  1084 | D:2      | Reached skill level 1 in Slings
  1084 | D:2      | Reached skill level 1 in Bows
  1084 | D:2      | Reached skill level 1 in Crossbows
  1084 | D:2      | Reached skill level 1 in Throwing
  1084 | D:2      | Reached skill level 1 in Armour
  1084 | D:2      | Reached skill level 1 in Stealth
  1084 | D:2      | Reached skill level 1 in Shields
  1084 | D:2      | Reached skill level 1 in Evocations
  1142 | D:2      | Reached XP level 4. HP: 28/34 MP: 11/11
  1147 | D:2      | Found a glowing golden altar of the Shining One.
  1211 | D:2      | Noticed Natasha
  1217 | D:2      | Killed Natasha
  1456 | D:2      | Reached skill level 1 in Conjurations
  1456 | D:2      | Reached skill level 1 in Hexes
  1456 | D:2      | Reached skill level 1 in Charms
  1456 | D:2      | Reached skill level 1 in Summonings
  1456 | D:2      | Reached skill level 1 in Necromancy
  1456 | D:2      | Reached skill level 1 in Translocations
  1456 | D:2      | Reached skill level 1 in Fire Magic
  1456 | D:2      | Reached skill level 1 in Ice Magic
  1456 | D:2      | Reached skill level 1 in Air Magic
  1456 | D:2      | Reached skill level 1 in Earth Magic
  1456 | D:2      | Reached skill level 1 in Poison Magic
  1512 | D:2      | Noticed Natasha
  1525 | D:2      | Killed Natasha
  1525 | D:2      | Reached XP level 5. HP: 25/40 MP: 10/12
  1725 | D:2      | Noticed Natasha
  1731 | D:2      | Killed Natasha
  1864 | D:2      | Found a blossoming altar of Fedhas.
  2425 | D:3      | Reached XP level 6. HP: 47/47 MP: 13/13
  2846 | D:4      | Reached skill level 5 in Dodging
  3018 | D:4      | Reached XP level 7. HP: 33/52 MP: 15/15
  3168 | D:4      | Noticed Thargor's ghost (novice FoFi)
  3227 | D:4      | Mangled by Thargor's ghost

Skill      XL: |  1  2  3  4  5  6 |
---------------+-------------------+-----
Spellcasting   | 5 |  5.5
Invocations    | 1 2 |  2.5
Short Blades   | 1 2 |  2.2
Long Blades    | 1 2 |  2.2
Axes           | 1 2 |  2.2
Maces & Flails | 1 2 |  2.2
Polearms       | 1 2 |  2.2
Staves         | 1 2 |  2.2
Slings         | 1 2 |  2.2
Bows           | 1 2 |  2.2
Crossbows      | 1 2 |  2.2
Throwing       | 1 2 |  2.2
Armour         | 1 2 |  2.2
Stealth        | 1 2 |  2.2
Shields        | 1 2 |  2.2
Evocations     | 1 2 |  2.2
Conjurations   | 1 |  1.8
Hexes          | 1 |  1.8
Charms         | 1 |  1.8
Summonings     | 1 |  1.8
Necromancy     | 1 |  1.8
Translocations | 1 |  1.8
Fire Magic     | 1 |  1.8
Ice Magic      | 1 |  1.8
Air Magic      | 1 |  1.8
Earth Magic    | 1 |  1.8
Poison Magic   | 1 |  1.8
Fighting       | 3 |  3.4
Transmutations | 4 |  4.2
Dodging        | 5 |  5.1
Unarmed Combat | |  6.9

Action                   |  1- 3 |  4- 6 |  7- 9 || total
-------------------------+-------+-------+-------++-------
Melee: Unarmed           |    16 |       |       ||    16
       Bite              |     9 |    19 |     4 ||    32
       Punch             |     3 |     3 |     2 ||     8
       Dagger            |   103 |   163 |    30 ||   296
       Headbutt          |       |     4 |     2 ||     6
       Kick              |       |     2 |       ||     2
 Cast: Beastly Appendage |       |     4 |     2 ||     6
 Stab: Sleeping          |     2 |     7 |       ||     9
  Eat: Chunk             |     1 |     6 |       ||     7
Armor: Robe              |    41 |     3 |       ||    44
       Ring mail         |       |    26 |     9 ||    35
Dodge: Dodged            |   140 |   102 |     9 ||   251
